 Dungeon Crawl Stone Soup version 0.29.1-2-gbd0b4ee654 (webtiles) character file.

Game seed: 518890303242995199

103184 SolCadguy the Gelid (level 16, -7/134 HPs)
             Began as a Merfolk Ice Elementalist on Nov 8, 2022.
             Was a High Priest of Sif Muna.
             Mangled by an ice dragon (10 damage)
             ... in an ice cave on Nov 9, 2022.
             The game lasted 02:55:28 (41573 turns).

SolCadguy the Gelid (Merfolk Ice Elementalist)     Turns: 41573, Time: 02:55:29

Health: -7/134     AC: 23    Str: 10    XL:     16   Next: 35%
Magic:  29/40      EV: 16    Int: 21    God:    Sif Muna [*****.]
Gold:   1530       SH:  0    Dex: 14    Spells: 5/37 levels left

rFire   + . .      SeeInvis .     - Unarmed
rCold   + . .      Faith    .   (shield currently unavailable)
rNeg    . . .      Spirit   .   p - +2 robe {rC+ rF+}
rPois   .          Reflect  .   a - +0 helmet
rElec   .          Harm     .   Q - +1 cloak
rCorr   .          Rampage  .   (gloves currently unavailable)
Will    +....                   v - +0 pair of boots
Stlth   ++........              (no amulet)
HPRegen 0.32/turn               N - +4 ring of protection
MPRegen 0.27/turn               C - ring of magical power

@: ice-armoured, blade hands
A: (nimble swimmer 2), mertail
a: End Transformation, Renounce Religion, Channel Magic, Forget Spell, Divine
Exegesis


You were in an ice cave.
You worshipped Sif Muna.
Sif Muna was extremely pleased with you.
You had blades for hands.
You visited 5 branches of the dungeon, and saw 24 of its levels.
You also visited: Sewer and Ice Cave.

You collected 1810 gold pieces.
You spent 280 gold pieces at shops.

Inventory:

Hand Weapons
 b - a +2 trident of venom (melded)
 k - a +4 spear
Missiles
 i - 2 throwing nets
 x - 9 curare-tipped darts
 P - 26 poisoned darts (quivered)
Armour
 a - a +0 helmet (worn)
 p - a +2 robe of resistance (worn)
 r - +0 steam dragon scales
 v - a +0 pair of boots (worn)
 D - a +0 pair of gloves (melded)
 Q - a +1 cloak (worn)
 U - the +8 orange crystal plate armour {Archmagi, Int+3 Clar}
   (You found it on level 5 of the Lair of Beasts)

   Int:       It affects your intelligence (+3).
   Clar:      It protects you against confusion.
Jewellery
 l - a ring of resist corrosion
 n - a ring of protection from cold
 o - a ring of protection from cold
 C - a ring of magical power (right blade hand)
 E - a ring of see invisible
 M - a ring of ice
 N - a +4 ring of protection (left blade hand)
Wands
 e - a wand of digging (3)
 h - a wand of polymorph (8)
 B - a wand of flame (40)
 F - a wand of roots (14)
 I - a wand of quicksilver (14)
 R - a wand of paralysis (9)
Scrolls
 c - 12 scrolls of identify
 d - 2 scrolls of fear
 t - a scroll of enchant weapon
 y - 6 scrolls of butterflies
 H - 7 scrolls of amnesia
 J - 2 scrolls of teleportation
 K - 2 scrolls of torment
 S - 3 scrolls of immolation
Potions
 f - 6 potions of attraction
 g - a potion of magic
 j - a potion of cancellation
 m - 4 potions of curing
 q - a potion of flight
 w - 4 potions of brilliance
 z - 4 potions of resistance
 A - a potion of invisibility
 G - a potion of haste
 V - 2 potions of lignification
Miscellaneous
 s - a piece from Xom's chessboard (14/15)


   Skills:
 + Level 14.3 Fighting
 - Level 10.7 Polearms
 - Level 3.0 Armour
 - Level 9.0 Dodging
 - Level 2.1 Stealth
 - Level 10.0 Unarmed Combat
 + Level 11.2 Spellcasting
 - Level 3.5 Conjurations
 - Level 2.0 Summonings
 - Level 9.2 Transmutations
 + Level 16.1 Ice Magic
 - Level 2.1 Air Magic
 - Level 7.2 Invocations


You had 5 spell levels left.
You knew the following spells:

 Your Spells              Type           Power      Damage    Failure   Level
a - Freeze                Ice            100%       1d11      3%          1
b - Frozen Ramparts       Ice            100%       1d16      4%          3
c - Ozocubu's Armour      Ice            68%        N/A       4%          3
d - Hailstorm             Conj/Ice       52%        3d12      16%         4
e - Summon Ice Beast      Ice/Summ       49%        N/A       17%         4
f - Ice Form              Ice/Tmut       60%        N/A       10%         4
g - Blade Hands           Tmut           25%        N/A       28%         5
h - Freezing Cloud        Conj/Ice/Air   21%        6-21      43%         5
i - Stone Arrow           Conj/Erth      38%        3d9       43%         3

Your spell library contained the following spells:

 Spells                   Type           Power      Damage    Failure   Level
 Magic Dart               Conj           100%       1d8       17%         1
 Passwall                 Tmut/Erth      25%        N/A       17%         2
 Call Imp                 Summ           20%        N/A       28%         2
 Sandblast                Erth           22%        2d7       36%         1
 Slow                     Hex            44%        N/A       36%         1
 Metabolic Englaciation   Hex/Ice        22%        N/A       36%         5
 Mephitic Cloud           Conj/Pois/Air  19%        N/A       41%         3
 Sublimation of Blood     Necr           11%        N/A       43%         2
 Dazzling Flash           Conj/Hex       38%        N/A       43%         3
 Petrify                  Tmut/Erth      31%        N/A       43%         4
 Irradiate                Conj/Tmut      19%        3d18      50%         5
 Confusing Touch          Hex            11%        N/A       58%         3
 Portal Projectile        Hex/Tloc       22%        N/A       58%         3
 Tukima's Dance           Hex            11%        N/A       58%         3
 Vampiric Draining        Necr           11%        2d6       58%         3
 Yara's Violent Unravell  Hex/Tmut       15%        3d8       67%         5
 Fulminant Prism          Conj/Hex       9%         3d7       71%         4
 Silence                  Hex/Air        8%         N/A       96%         5
 Summon Mana Viper        Hex/Summ       16%        N/A       96%         5
 Agony                    Necr           11%        N/A       99%         5
 Simulacrum               Ice/Necr       22%        N/A       75%         6
 Conjure Ball Lightning   Conj/Air       11%        3x3d6     99%         6
 Monstrous Menagerie      Summ           10%        N/A       100%        7
 Polar Vortex             Ice            34%        N/A       100%        9


Dungeon Overview and Level Annotations

Branches:
Dungeon (15/15)            Temple (1/1) D:6            Lair (5/5) D:11
 Shoals (0/4) Lair:3       Spider (1/4) Lair:3        Slime (0/5) Lair:5
    Orc (2/2) D:12         Vaults (0/5) D:13         Depths (0/4) D:15
  Sewer (visited)           IceCv (1/1)
    Elf: Orc:2

Altars:
Ashenzari
Cheibriados
Dithmenos
Elyvilon
Fedhas
Gozag
Hepliaklqana
Kikubaaqudgha
Makhleb
Nemelex Xobeh
Okawaru
Qazlal
Ru
Sif Muna
Trog
Uskayaw
Vehumet
Wu Jian
Xom
Yredelemnul
Zin
The Shining One
Jiyva

Shops:
D:4 :   D:9 !

Annotations:
D:10 3 runed translucent doors, exclusion: obsidian statue


Innate Abilities, Weirdness & Mutations

You have blades for hands.
Your spellcasting is less reliable in this form.
You are incapable of wielding weapons or throwing items.
((You are very nimble when in or above water. (Stealth+, EV+, Speed+++)))
Your lower body shifts to a powerful aquatic tail in water.


Message History

The polar bear misses you. The polar bear closely misses you.
Casting: Ozocubu's Armour (safe; 1% risk of failure)
Confirm with . or Enter, or press ? or * to list all spells.
A chill wind blows around you. The ice encasing you melts away.
The white ugly thing bites you but does no damage.
The ice dragon breathes frost at you. The blast of cold hits you!! You resist.
* * * LOW HITPOINT WARNING * * *
The polar bear bites you but does no damage.
The polar bear barely misses you. The polar bear misses you.
Casting: Summon Ice Beast (mildly dangerous; 1% risk of failure)
Confirm with . or Enter, or press ? or * to list all spells.
Your hands turn into razor-sharp scythe blades.
Your +2 trident of venom melds into your body.
Your +0 pair of gloves melds into your body.
Your +2 trident of venom stops dripping with poison.
The white ugly thing bites you but does no damage.
The polar bear bites you!
* * * LOW HITPOINT WARNING * * *
The polar bear completely misses you. The polar bear misses you.
The ice dragon misses you.
The ice dragon claws you but does no damage.
The ice dragon tramples you but does no damage.
Your ice beast hits the ice dragon but does no damage.
You hit the white ugly thing but do no damage.
The ice dragon misses you. The ice dragon completely misses you.
The ice dragon tramples you but does no damage.
The polar bear closely misses you.
The polar bear claws you but does no damage. x2
You hit the white ugly thing but do no damage.
Your ice beast hits the ice dragon.
Your ice beast freezes the ice dragon.
The ice dragon resists.
The white ugly thing misses you.
The white ugly thing closely misses you.
You slice the white ugly thing!!
The white ugly thing is moderately wounded.
The polar bear closely misses you.
The polar bear claws you but does no damage.
The polar bear closely misses you. The ice dragon bites you!
You die...

.... .p.
.u# ##..
##..
#..##
#kkp##
##huD##
##@uY#
##...#
#...##
##...##
##.....##
#...∩...#
#.......#
##..∩..##
##...##


You could see an ice dragon (ally target), 2 ugly things, an ironbound
frostheart, a polar bear, 2 rime drakes and a friendly ice beast (summoned).

Vanquished Creatures
  Kirke (D:12)
  A juggernaut zombie (D:15)
  An orc warlord (Orc:1)
  A broodmother (Spider:1)
  Josephine (D:10)
  The ghost of TheSexyCheese the Protected, a journeyman MiFi of Gozag (Orc:1)
  4 hydras
  Harold (D:10)
  3 vault guards (D:13)
  5 boulder beetles
  4 catoblepae (Lair:5)
  2 two-headed ogres
  A tengu warrior (D:14)
  9 centaur warriors
  8 death yaks (Lair:5)
  Nergalle (D:11)
  Urug (Orc:1)
  6 skeletal warriors
  A fire crab (shapeshifter) (D:11)
  2 sixfirhies (Orc:2)
  A steelbarb worm (Spider:1)
  2 wizards
  A phantasmal warrior (D:15)
  4 deep elf pyromancers
  A tengu zombie (D:15)
  A necromancer (D:15)
  4 wolf spiders
  4 ugly things
  5 manticores
  2 orc knights (D:13)
  A fire giant zombie (D:15)
  5 cyclopes
  A moth of wrath (Spider:1)
  6 elephants (Lair:5)
  9 cane toads
  2 black mambas (Lair:3)
  2 torpor snails
  A spriggan zombie (D:15)
  2 kobold demonologists (D:12)
  9 komodo dragons
  2 unseen horrors
  5 rime drakes
  A demonic crawler (Spider:1)
  2 tengu conjurers
  A yaktaur (D:13)
  5 trolls
  3 meliai (D:15)
  A polar bear (IceCv)
  2 tarantellas (Spider:1)
  14 slime creatures
  3 dream sheep (Lair:5)
  7 blink frogs
  7 jumping spiders
  A vampire (D:9)
  A shadow (D:11)
  3 culicivoras
  59 yaks
  2 fire elementals (D:15)
  4 wraiths
  4 wyverns
  2 steam dragons
  5 hogs (D:12)
  A human (D:13)
  Eustachio (D:5)
  A golden eye (Lair:1)
  6 vampire mosquitoes
  4 basilisks
  4 wargs
  3 redbacks (Spider:1)
  Grum (D:8)
  An acid dragon (D:14)
  2 nameless horrors
  14 water moccasins
  An ice beast (D:6)
  17 orc warriors
  A swamp drake (Orc:1)
  A sky beast (D:7)
  3 black bears
  A black bear (shapeshifter) (D:13)
  9 wolves
  A wolf (shapeshifter) (D:14)
  4 ogres
  14 centaurs
  5 kobold brigands
  5 bullfrogs
  2 gnoll sergeants (D:7)
  5 scorpions
  8 wights
  4 killer bees (D:9)
  2 howler monkeys
  A crimson imp (Orc:1)
  2 jellies
  2 lava snakes (D:15)
  Crazy Yiuf (D:7)
  5 hounds
  22 orc priests
  An iron imp (Orc:1)
  7 iguanas
  Natasha (D:2)
  22 orc wizards
  10 gnolls
  9 river rats
  9 adders
  3 shadow imps
  2 white imps
  A worm (D:2)
  2 dart slugs
  67 orcs
  10 ball pythons
  7 bats
  5 endoplasms
  4 giant cockroaches
  14 goblins
  10 hobgoblins
  6 jackals
  A quokka (D:4)
  22 frilled lizards
  23 kobolds
  13 rats
654 creatures vanquished.

Vanquished Creatures (collateral kills)
  A hydra (Lair:4)
  A death yak (Lair:5)
  A cane toad (Lair:1)
  A komodo dragon (Lair:4)
  3 blink frogs
  A dream sheep (Lair:5)
  A wraith (D:10)
  A basilisk (D:11)
  10 yaks
  3 vampire mosquitoes (D:11)
  A water moccasin (Lair:2)
  2 orc warriors
  An ogre (Orc:1)
  A centaur (D:11)
  A wolf (Lair:2)
  A bullfrog (D:9)
  An orc priest (Orc:1)
  An orc wizard (Orc:1)
  Robin (D:4)
  6 orcs
39 creatures vanquished.

Vanquished Creatures (others)
  Psyche (D:8)
  An orc wizard (Orc:1)
  17 fungi
  59 plants
  18 withered plants (D:15)
96 creatures vanquished.

Grand Total: 789 creatures vanquished

Notes
Turn   | Place    | Note
-------+----------+-------------------------------------------
     0 | D:1      | SolCadguy the Merfolk Ice Elementalist began the quest for
                  | the Orb.
     0 | D:1      | Reached XP level 1. HP: 13/13 MP: 3/3
   164 | D:1      | Found a faded altar of an unknown god.
   353 | D:1      | Reached XP level 2. HP: 17/19 MP: 5/5
   535 | D:1      | Reached skill level 5 in Ice Magic
  1179 | D:2      | Reached XP level 3. HP: 18/24 MP: 2/6
  1183 | D:2      | Learned a level 3 spell: Frozen Ramparts
  1527 | D:2      | Noticed Natasha
  1538 | D:2      | Killed Natasha
  1539 | D:2      | Reached skill level 6 in Ice Magic
  1610 | D:2      | Reached XP level 4. HP: 30/30 MP: 7/7
  1862 | D:2      | Learned a level 3 spell: Ozocubu's Armour
  2833 | D:4      | Found Fajeivy's Book Shop.
  2903 | D:4      | Reached skill level 7 in Ice Magic
  2903 | D:4      | Reached XP level 5. HP: 35/35 MP: 1/8
  3483 | D:4      | Reached XP level 6. HP: 26/41 MP: 0/9
  4211 | D:5      | Entered Level 5 of the Dungeon
  4250 | D:5      | Noticed Eustachio
  4273 | D:5      | Reached skill level 8 in Ice Magic
  4480 | D:5      | Noticed a black bear
  4567 | D:5      | Found a glowing drain.
  4574 | Sewer    | Entered a sewer
  4672 | Sewer    | Reached skill level 9 in Ice Magic
  4672 | Sewer    | Reached XP level 7. HP: 39/46 MP: 1/10
  5203 | Sewer    | Learned a level 4 spell: Hailstorm
  6632 | D:5      | Reached XP level 8. HP: 52/52 MP: 3/12
  6737 | D:5      | Reached skill level 10 in Ice Magic
  6925 | D:5      | Reached skill level 5 in Dodging
  7004 | D:5      | Killed Eustachio
  7571 | D:6      | Found a staircase to the Ecumenical Temple.
  7577 | Temple   | Entered the Ecumenical Temple
  7953 | Temple   | Became a worshipper of Elyvilon the Healer
  8148 | D:6      | Reached skill level 1 in Armour
  8148 | D:6      | Reached skill level 1 in Conjurations
  8691 | D:6      | Reached * piety under Elyvilon
  9005 | D:7      | Reached XP level 9. HP: 57/57 MP: 8/13
  9830 | D:6      | Reached skill level 1 in Polearms
 10596 | D:7      | Found a runed translucent door.
 10597 | D:7      | Noticed Crazy Yiuf
 10838 | D:7      | Reached skill level 1 in Fighting
 10987 | D:7      | Killed Crazy Yiuf
 11539 | D:8      | Reached ** piety under Elyvilon
 11556 | D:8      | Noticed Psyche
 11563 | D:8      | Killed Psyche
 11882 | D:8      | Reached XP level 10. HP: 67/70 MP: 8/16
 11989 | D:8      | Reached skill level 5 in Polearms
 12420 | D:8      | Noticed Grum
 12427 | D:8      | Killed Grum
 13002 | D:4      | Bought a book of Rime for 280 gold pieces
 13007 | D:4      | Learned a level 4 spell: Summon Ice Beast
 13662 | D:9      | You fall into a shaft and drop 1 floor!
 13662 | D:10     | Entered Level 10 of the Dungeon
 13686 | D:10     | Reached skill level 1 in Summonings
 13742 | D:9      | Reached skill level 5 in Spellcasting
 13823 | D:9      | Learned a level 4 spell: Ice Form
 13857 | D:9      | Reached skill level 5 in Fighting
 14008 | D:9      | Reached *** piety under Elyvilon
 14012 | D:9      | Noticed a two-headed ogre
 14025 | D:9      | Killed a two-headed ogre
 14026 | D:9      | Reached skill level 1 in Unarmed Combat
 14026 | D:9      | Reached skill level 1 in Transmutations
 14127 | D:9      | Found Okiu's Distillery.
 14743 | D:9      | Reached XP level 11. HP: 81/81 MP: 4/19
 15159 | D:9      | Reached **** piety under Elyvilon
 15218 | D:10     | Noticed Josephine
 15224 | D:10     | Noticed Harold
 15595 | D:11     | Reached skill level 11 in Ice Magic
 15872 | D:10     | Reached skill level 5 in Unarmed Combat
 15872 | D:10     | Reached XP level 12. HP: 68/92 MP: 6/22
 15879 | D:10     | Killed Josephine
 17109 | D:10     | Found a runed translucent door.
 17113 | D:10     | Found a runed translucent door.
 17175 | D:10     | Found a runed translucent door.
 17193 | D:10     | Found a runed translucent door.
 17245 | D:10     | Killed Harold
 17504 | D:10     | Found a shimmering blue altar of Sif Muna.
 17507 | D:10     | Found a hide-covered altar of Uskayaw.
 17509 | D:10     | Found an iron altar of Okawaru.
 17515 | D:10     | Fell from the grace of Elyvilon
 17515 | D:10     | Became a worshipper of Sif Muna the Loreminder
 17703 | D:4      | Noticed Robin
 17716 | D:4      | Killed Robin
 17908 | D:4      | Learned a level 5 spell: Blade Hands
 18543 | D:11     | Found a staircase to the Lair.
 18702 | D:11     | Noticed Nergalle
 18827 | D:11     | Killed Nergalle
 19660 | Lair:1   | Entered Level 1 of the Lair of Beasts
 19699 | Lair:1   | Noticed Sonja
 19706 | Lair:1   | Noticed Sonja
 19706 | Lair:1   | Sonja changed into Sonja the golden eye
 19736 | Lair:1   | Killed Sonja the golden eye
 20366 | Lair:1   | Reached XP level 13. HP: 47/100 MP: 8/25
 21259 | Lair:2   | Reached * piety under Sif Muna
 21344 | Lair:2   | Reached skill level 12 in Ice Magic
 22402 | Lair:2   | Reached ** piety under Sif Muna
 23206 | Lair:3   | Reached skill level 10 in Fighting
 23262 | Lair:3   | Found a staircase to the Shoals.
 24399 | Lair:3   | Reached skill level 13 in Ice Magic
 24475 | Lair:3   | Found a hole to the Spider Nest.
 25130 | Lair:4   | You fall into a shaft and drop 1 floor!
 25130 | Lair:5   | Entered Level 5 of the Lair of Beasts
 25177 | Lair:5   | Reached XP level 14. HP: 47/113 MP: 8/26
 25869 | Lair:4   | Reached skill level 1 in Invocations
 26673 | Lair:5   | Reached *** piety under Sif Muna
 27364 | Lair:5   | Reached skill level 14 in Ice Magic
 28192 | Lair:5   | Found the +8 orange crystal plate armour {Archmagi, Int+3
                  | Clar}
 28910 | Lair:5   | Found a viscous altar of Jiyva.
 28910 | Lair:5   | Found a staircase to the Slime Pits.
 29209 | Lair:5   | Learned a level 5 spell: Freezing Cloud
 29829 | D:12     | Reached skill level 5 in Invocations
 30045 | D:12     | Learned a level 3 spell: Stone Arrow
 30056 | D:12     | Reached skill level 10 in Spellcasting
 30171 | D:12     | Reached skill level 1 in Air Magic
 30193 | D:12     | Found a staircase to the Orcish Mines.
 30551 | D:12     | Noticed Kirke
 30558 | D:12     | Reached **** piety under Sif Muna
 30560 | D:12     | Killed Kirke
 31232 | D:13     | Reached XP level 15. HP: 86/122 MP: 23/29
 31813 | D:13     | Found a gate to the Vaults.
 32754 | D:14     | Reached skill level 15 in Ice Magic
 34257 | D:14     | Reached ***** piety under Sif Muna
 34767 | D:15     | Entered Level 15 of the Dungeon
 34898 | D:15     | Reached skill level 10 in Polearms
 35981 | D:15     | Received a gift from Sif Muna
 35984 | D:15     | Got Jegegh Ceti's Secrets of Charming Ozone {god gift}
 36027 | D:15     | Found a staircase to the Depths.
 36972 | D:15     | Reached XP level 16. HP: 41/132 MP: 30/30
 37617 | Orc:1    | Entered Level 1 of the Orcish Mines
 38406 | Orc:1    | Found a runed translucent door.
 38624 | Orc:1    | Noticed Urug
 38636 | Orc:1    | Killed Urug
 38890 | Orc:1    | Noticed TheSexyCheese's ghost (journeyman MiFi)
 39015 | Orc:1    | Killed TheSexyCheese's ghost
 39070 | Orc:2    | Entered Level 2 of the Orcish Mines
 39585 | Orc:2    | Received a gift from Sif Muna
 39589 | Orc:2    | Reached skill level 10 in Unarmed Combat
 39599 | Orc:1    | HP: 6/133 [orc warrior/+0 mace (18)]
 40726 | Spider:1 | Entered Level 1 of the Spider Nest
 40768 | Spider:1 | Reached skill level 16 in Ice Magic
 41096 | Spider:1 | Found a frozen archway.
 41145 | IceCv    | Entered an ice cave
 41162 | IceCv    | HP: 9/199 [white ugly thing (25)]
 41164 | IceCv    | HP: 2/199 [white ugly thing (28)]
 41170 | IceCv    | HP: 9/199 [polar bear (12)]
 41178 | IceCv    | HP: 4/201 [polar bear (18)]
 41178 | IceCv    | HP: 1/201 [polar bear (3)]
 41570 | IceCv    | HP: 2/134 [polar bear (8)]
 41573 | IceCv    | Mangled by an ice dragon

Illustrated notes

Levels and vault maps discovered:
D:1:      dpeg_arrival_erosion, layout_basic, hellmonk_ecumenical_altar_zigzags
D:2:      layout_loops_ring, st_stairs_13, uniq_natasha
D:3:      layout_basic
D:4:      layout_gridville, serial_shops, shop, serial_glass, glass_columns_b,
          glass_columns_b, lemuel_flame_loot_1, uniq_robin
D:5:      layout_gridville, portal_sewer_entry_e, palyth_stone_intersect,
          st_stairs_8, cheibrodos_gnoll_hut, uniq_eustachio
D:6:      layout_cave_pools, minmay_temple_entry_ruins, minmay_lizard_king
D:7:      layout_basic, uniq_crazy_yiuf_cottage
D:8:      layout_rooms, uniq_grum, uniq_psyche
D:9:      layout_irregular_city, serial_shops, nicolae_take_the_stairs
D:10:     layout_cave_pools, grunt_temple_overflow_diamond,
          minmay_statue_crystal_thing, uniq_josephine, uniq_harold
D:11:     layout_cross, minmay_lair_entry_grove, uniq_nergalle
D:12:     layout_basic, orc_0_dummy, minmay_misc_feat_diagonals, uniq_kirke
D:13:     layout_gridville, grunt_vaults_entry_fortified
D:14:     layout_rooms
D:15:     gammafunk_depths_entry_grave, layout_basic, kennysheep_pointless_box
Temple:   compressed_dpeg_triangle_lava_temple
Lair:1:   layout_hall_layers, wad_woods_road_05, uniq_sonja
Lair:2:   layout_regular_city
Lair:3:   layout_roguey, elwin_shoals_entry_rocks, spider_nest_entry_funnel_web
Lair:4:   layout_loops_ring
Lair:5:   evilmike_catoblepas_cave, layout_cave_pods, dpeg_slime_entry_corner,
          grunt_megastairs_2
Spider:1: layout_cave_pods, portal_ice_cave_entry_pillars_three,
          nicolae_spider_altar_of_dancing
Orc:1:    layout_diamond_mine, ebering_ghost_inner_flame, hangedman_minor_magic,
          uniq_urug
Orc:2:    pf_orc_diabolical, layout_caves, basic_altar, serial_shops, shop
IceCv:    ice_cave_small_giant

Skill      XL: |  1  2  3  4  5  6  7  8  9 10 11 12 13 14 15 16 |
---------------+-------------------------------------------------+-----
Ice Magic      | 5 6 7 9 10 11 13 14 15 16 | 16.1
Spellcasting   | 3 4 5 7 8 10 11 | 11.2
Dodging        | 4 6 8 9 |  9.0
Armour         | 2 3 |  3.0
Conjurations   | 2 3 |  3.5
Polearms       | 4 7 8 10 | 10.7
Fighting       | 3 5 7 8 11 12 13 14 | 14.3
Summonings     | 2 |  2.0
Unarmed Combat | 2 5 7 9 10 | 10.0
Transmutations | 3 6 8 9 |  9.2
Invocations    | 5 7 |  7.2
Air Magic      | 2 |  2.1
Stealth        | |  2.1

Action                   |  1- 3 |  4- 6 |  7- 9 | 10-12 | 13-15 | 16-18 || total
-------------------------+-------+-------+-------+-------+-------+-------++-------
Melee: Whip              |    38 |     7 |   151 |       |       |       ||   196
       Dagger            |       |    87 |       |       |       |       ||    87
       Punch             |       |     1 |     5 |     9 |    87 |    19 ||   121
       Tailslap          |       |       |     7 |       |     1 |       ||     8
       Falchion          |       |       |    60 |       |       |       ||    60
       Spear             |       |       |   100 |   312 |   171 |       ||   583
       Unarmed           |       |       |     4 |    89 |   438 |   100 ||   631
       Trident           |       |       |       |       |   214 |   147 ||   361
Throw: Dart              |    10 |     6 |    53 |    30 |    71 |    22 ||   192
       Boomerang         |       |       |     4 |       |       |       ||     4
 Cast: Freeze            |    25 |    27 |    36 |    21 |    19 |     4 ||   132
       Frozen Ramparts   |     2 |    18 |    43 |    26 |    61 |     9 ||   159
       Ozocubu's Armour  |       |    12 |    42 |    32 |    70 |    14 ||   170
       Hailstorm         |       |       |     9 |    15 |    18 |       ||    42
       Summon Ice Beast  |       |       |       |    32 |    50 |     8 ||    90
       Ice Form          |       |       |       |     1 |       |       ||     1
       Blade Hands       |       |       |       |     9 |    60 |    12 ||    81
       Stone Arrow       |       |       |       |       |    10 |       ||    10
       Freezing Cloud    |       |       |       |       |    19 |    17 ||    36
Invok: Purification      |       |       |       |     3 |       |       ||     3
 Abil: End Transformatio |       |       |       |       |     8 |     4 ||    12
Evoke: Wand              |       |       |       |     3 |     1 |     1 ||     5
       Piece from Xom's  |       |       |       |       |       |     1 ||     1
  Use: Potion            |       |     2 |     8 |    10 |     3 |    10 ||    33
       Scroll            |       |     9 |     8 |    15 |     2 |     4 ||    38
 Stab: Sleeping          |     6 |     2 |     4 |       |     3 |     1 ||    16
       Distracted        |       |       |       |     4 |     5 |     2 ||    11
Armor: Robe              |    16 |    31 |    50 |    28 |    36 |    11 ||   172
       Leather armour    |       |       |    74 |   183 |       |       ||   257
       Skin              |       |       |       |    40 |       |    93 ||   133
       Steam dragon scal |       |       |       |       |   355 |   110 ||   465
Dodge: Dodged            |    37 |    70 |   292 |   337 |   499 |   230 ||  1465
